 Dungeon Crawl Stone Soup version 0.31.0-11-ge490571c62 (webtiles) character file.

Game seed: 2443795484096573450

170 Flugkiller the Ruffian (level 5, -3/50 HPs)
             Began as a Troll Fighter on Jan 30, 2024.
             Slain by a gnoll
             ... wielding a +0 spear
              (8 damage)
             ... on level 5 of the Dungeon.
             The game lasted 00:02:28 (568 turns).

Flugkiller the Ruffian (Troll Fighter)               Turns: 568, Time: 00:02:29

Health: -3/50      AC:  4    Str: 25    XL:     5   Next: 26%
Magic:  4/4        EV:  9    Int:  3    God:
Gold:   24         SH:  8    Dex: 13    Spells: 4/4 levels left

rFire   . .          .
                       - Unarmed
rCold   . . .        b - +0 kite shield
rNeg    . . .        a - +0 robe
rPois   .            (helmet restricted)
rElec   .            (no cloak)
rCorr   .            (gloves unavailable)
SInv    .            (boots unavailable)
Will    .....        (no amulet)
Stlth   +            (no ring)
HPRegen 1.08/turn    (no ring)
MPRegen 0.09/turn

%: no passive effects
@: no status effects
A: large, unfitting armour, claws 3, regeneration 1, shaggy fur 1, tough skin 1,
agile 1, sense surroundings 1
a: no special abilities


You were on level 5 of the Dungeon.
You visited 1 branch of the dungeon, and saw 5 of its levels.

You collected 24 gold pieces.

Inventory:

Missiles
 m - 3 boomerangs (quivered)
Armour
 a - a +0 robe (worn)
 b - a +0 kite shield (worn)
Jewellery
 k - a ring of wizardry
   (You found it on level 4 of the Dungeon)
Wands
 l - a wand of polymorph (5)
   (You found it on level 4 of the Dungeon)
Scrolls
 e - a scroll of fog
 g - a scroll of teleportation {unknown}
 i - a scroll of enchant weapon {unknown}
 j - a scroll of revelation {unknown}
Potions
 d - a potion of might
 f - a potion of resistance {unknown}


   Skills:
 - Level 2.4 Fighting
 - Level 2.4 Dodging
 - Level 2.6 Shields
 + Level 5.5 Unarmed Combat


You had 4 spell levels left.
You didn't know any spells.
Your spell library was empty.

Dungeon Overview and Level Annotations

Branches:
Dungeon (5/15) Zot: 26832
 Temple: D:4-7

Altars:
Ru
Uskayaw


Innate Abilities, Weirdness & Mutations

You are too large for most types of armour.
You have claws for hands.
Your natural rate of healing is unusually fast.
You are covered in fur. (AC +1)
You have tough skin. (AC +1)
You are agile. (Dex +4, Str/Int -1)
You passively map a small area around you.


Message History

The gnoll hits you from afar with a +0 spear.
The gnoll sergeant attacks as it pursues you!
The gnoll sergeant hits you from afar with a +2 spear of venom!
You are poisoned.
There is a stone staircase leading up, spattered with blood here.
You feel sick.
The gnoll sergeant hits you from afar with a +2 spear of venom.
The gnoll hits you from afar with a +0 spear. x2
You climb upwards.
You feel very sick.
There is a stone staircase leading down, spattered with blood here.
You feel sick.
You feel sick.
You feel sick.
You feel sick.
Things that are here:
a +0 chain mail; a +0 mace You feel sick.
You are no longer poisoned.
Found a stone staircase leading down.
An endoplasm comes into view.
Found 4 gold pieces.
Found a scroll labelled ZILOEST UKITT.
There is a stone staircase leading down here.
You climb downwards.
There is a stone staircase leading up here.
Unknown command.
As you read the scroll labelled AMPOVV AFAOTZ, it crumbles to dust.
It is a scroll of identify.
e - a scroll of fog
Okay, then.
Found a stone staircase leading up.
A shadow imp and 3 gnolls come into view.
A gnoll is wielding a +0 spear and quivering a throwing net.
The shadow imp shouts, "Escape, thou paunchy pigeon-egg mammet!"
The gnoll shouts! x3
A gnoll comes into view. It is wielding a +0 flail.
Found 7 stones.
The gnoll hits you with a +0 club.
You scratch the gnoll.
The gnoll is moderately wounded.
You block the gnoll's attack. The gnoll hits you but does no damage.
You barely miss the gnoll.
The gnoll is moderately wounded.
The gnoll hits you with a +0 club. The shadow imp barely misses you.
You block the gnoll's attack.
You scratch the gnoll.
The gnoll is moderately wounded.
The gnoll hits you with a +0 club. The shadow imp completely misses you.
You block the gnoll's attack.
You completely miss the gnoll.
The gnoll is moderately wounded.
The shadow imp closely misses you. You block the gnoll's attack.
You closely miss the gnoll.
The gnoll is moderately wounded.
You block the shadow imp's attack. You block the gnoll's attack.
The gnoll hits you with a +0 club. The gnoll closely misses you.
You scratch the gnoll but do no damage.
The gnoll is moderately wounded.
The gnoll hits you with a +0 flail. The shadow imp barely misses you.
The gnoll hits you from afar with a +0 spear.
The gnoll hits you with a +0 club. The gnoll hits you with a +0 club.
An iguana comes into view.
The gnoll attacks as it pursues you! You block the gnoll's attack.
The iguana hisses angrily.
The gnoll attacks as it pursues you! The gnoll hits you with a +0 flail!
You block the iguana's attack.
You barely miss the iguana. The iguana bites you! You block the gnoll's attack.
Unknown command.
You claw the iguana!
The iguana is severely wounded.
The gnoll hits you with a +0 flail!
* * * LOW HITPOINT WARNING * * *
You block the gnoll's attack. You block the iguana's attack.
The gnoll hits you but does no damage. x2
Unknown command.
Okay, then.
Okay, then.
You block the gnoll's attack. The gnoll attacks as it pursues you!
The gnoll hits you with a +0 club.
* * * LOW HITPOINT WARNING * * *
You block the iguana's attack. The gnoll attacks as it pursues you!
The gnoll hits you with a +0 flail!
* * * LOW HITPOINT WARNING * * *
The shadow imp shouts, "Remove thy stench, thou reeling-ripe ditch-delivered baggage!"
The iguana attacks as it pursues you! The iguana barely misses you.
The iguana attacks as it pursues you! You block the iguana's attack.
You scratch the iguana but do no damage.
The iguana is severely wounded.
The iguana barely misses you.
You scratch the iguana.
The iguana is severely wounded.
The shadow imp barely misses you. The iguana bites you.
* * * LOW HITPOINT WARNING * * *
You claw the iguana!
You kill the iguana!
You block the shadow imp's attack.
The gnoll hits you from afar with a +0 spear!
You die...

, * * *... , ## #..
, , .## # #.. , ,
*,..##*##. ..# #...#
...##.. ..# #...#
#....# ..# #...#
#...# ..# ##...#
#..# <.# #....# #@.#
..### #....# ##g5#
....####....###ggg#
.#....#......##..##
.##...............##
#####..............#
* ###.....###.....#
##..### ##.....# *
##..# * ........


You could see 4 gnolls and a shadow imp.

Vanquished Creatures
  A hound (D:5)
  2 orc priests (D:4)
  An iguana (D:5)
  3 gnolls (D:3)
  An adder (D:5)
  A dart slug (D:1)
  5 orcs
  2 ball pythons
  A bat (D:1)
  3 endoplasms
  2 giant cockroaches
  A goblin (D:1)
  3 hobgoblins
  4 jackals (D:3)
  3 frilled lizards (D:1)
  3 kobolds
  A rat (D:1)
37 creatures vanquished.

Notes
Turn   | Place    | Note
-------+----------+-------------------------------------------
     0 | D:1      | Flugkiller the Troll Fighter began the quest for the Orb.
     0 | D:1      | Reached XP level 1. HP: 22/22 MP: 0/0
    70 | D:1      | Reached XP level 2. HP: 29/29 MP: 1/1
    85 | D:1      | Reached skill level 3 in Unarmed Combat
   264 | D:3      | HP: 1/29 [gnoll/+0 halberd (7)]
   266 | D:3      | Reached XP level 3. HP: 2/36 MP: 2/2
   319 | D:3      | Reached skill level 4 in Unarmed Combat
   382 | D:4      | Found a hide-covered altar of Uskayaw.
   384 | D:4      | Found a sacrificial altar of Ru.
   404 | D:5      | Entered Level 5 of the Dungeon
   410 | D:5      | Reached XP level 4. HP: 30/44 MP: 3/3
   463 | D:4      | Reached skill level 5 in Unarmed Combat
   463 | D:4      | Reached XP level 5. HP: 35/50 MP: 4/4
   487 | D:5      | Gained mutation: You are dopey. (Int -2) [potion of
                  | mutation]
   487 | D:5      | Gained mutation: You are occasionally teleported next to
                  | monsters. [potion of mutation]
   488 | D:5      | Lost mutation: You are dopey. (Int -2) [potion of mutation]
   488 | D:5      | Lost mutation: You are occasionally teleported next to
                  | monsters. [potion of mutation]
   488 | D:5      | Gained mutation: You are agile. (Dex +4, Str/Int -1)
                  | [potion of mutation]
   488 | D:5      | Gained mutation: You passively map a small area around you.
                  | [potion of mutation]
   562 | D:5      | HP: 2/50 [gnoll/+0 flail (7)]
   568 | D:5      | Slain by a gnoll

Illustrated notes

Levels and vault maps discovered:
D:1:      saegor_arrival_simple_c, layout_basic, serial_shops, shop
D:2:      layout_loops_cross
D:3:      layout_basic, basic_ecumenical_altar, dreamdust_mushroom_princess
D:4:      minmay_chambers_of_twos, layout_basic, jmf_multi_god_temple,
          minmay_crystal_room
D:5:      layout_layer_cave, kennysheep_mini, ashenzari_conservatory_becter,
          serial_demonic, serial_demonic_f, serial_demonic_a, serial_demonic_g,
          serial_demonic_f, serial_demonic_f, serial_demonic_e,
          serial_demonic_e, serial_demonic_c

Skill      XL: |  1  2  3  4 |
---------------+-------------+-----
Unarmed Combat | 3 4 5 |  5.5
Fighting       | |  2.4
Dodging        | |  2.4
Shields        | |  2.6

Action                     |  1- 3 |  4- 6 || total
---------------------------+-------+-------++-------
  Melee: Unarmed           |    77 |    42 ||   119
    Use: Potion            |       |     2 ||     2
         Scroll            |       |     1 ||     1
 Armour: Robe              |    68 |    52 ||   120
  Dodge: Dodged            |    42 |    29 ||    71
  Block: Kite shield       |    42 |    42 ||    84
